 Dungeon Crawl Stone Soup version 0.30.0-7-g0c4daa9e05 (webtiles) character file.

Game seed: 11223161099532037872

642 Atelerd the Sneak (level 7, -5/41 HPs)
             Began as an Octopode Earth Elementalist on May 13, 2023.
             Slain by Prince Ribbit (18 damage)
             ... on level 5 of the Dungeon.
             The game lasted 00:04:00 (3562 turns).

Atelerd the Sneak (Octopode Earth Elementalist)     Turns: 3562, Time: 00:04:01

Health: -5/41      AC:  1    Str:  7    XL:     7   Next: 51%
Magic:  2/12       EV: 14    Int: 19    God:
Gold:   212        SH:  0    Dex: 13    Spells: 8/13 levels left

rFire   . . .        c - +0 short sword
rCold   . . .        (no shield)
rNeg    . . .        (helmet restricted)
rPois   .            (no amulet)
rElec   .            (no ring)
rCorr   .            (no ring)
SInv    .            (no ring)
Will    .....        (no ring)
Stlth   ++++         (no ring)
HPRegen 0.26/turn    (no ring)
MPRegen 0.13/turn    (no ring)
                     (no ring)

%: no passive effects
@: no status effects
A: almost no armour, amphibious, 8 rings, camouflage 1, gelatinous body 1,
(nimble swimmer 1), tentacles
a: no special abilities


You were on level 5 of the Dungeon.
You visited 1 branch of the dungeon, and saw 5 of its levels.

You collected 212 gold pieces.

Inventory:

Hand Weapons
 c - a +0 short sword (weapon)
 k - the +2 whip "Erilifau" {antimagic, Drain rPois rF++ Int+4}
   (You found it on level 2 of the Dungeon)

   Int:       It affects your intelligence (+4).
   rF:        It greatly protects you from fire.
   rPois:     It protects you from poison.
   Drain:     It drains your maximum health when unequipped.
Magical Staves
 n - a staff of poison
Scrolls
 a - 3 scrolls of identify {unknown}
 b - 5 scrolls of brand weapon {unknown}
 e - a scroll of immolation {unknown}
 h - a scroll of torment {unknown}
 i - 2 scrolls of enchant weapon {unknown}
 j - a scroll of poison {unknown}
 l - a scroll of fog {unknown}
Potions
 d - a potion of might {unknown}
 f - a potion of brilliance {unknown}
 g - 2 potions of flight {unknown}
 m - 2 potions of attraction {unknown}


   Skills:
 + Level 3.9 Dodging
 + Level 5.7 Stealth
 + Level 3.7 Spellcasting
 + Level 3.4 Transmutations
 + Level 4.6 Earth Magic


You had 8 spell levels left.
You knew the following spells:

 Your Spells              Type           Power      Damage    Failure   Level
a - Sandblast             Erth           42%        2d11      2%          1
p - Petrify               Tmut/Erth      18%        N/A       26%         4

Your spell library contained the following spells:

 Spells                   Type           Power      Damage    Failure   Level
 Passwall                 Tmut/Erth      15%        N/A       4%          2
 Slow                     Hex            12%        N/A       14%         1
 Stone Arrow              Conj/Erth      24%        3d8       17%         3
 Confusing Touch          Hex            3%         N/A       38%         3
 Vampiric Draining        Necr           3%         2d6       38%         3


Dungeon Overview and Level Annotations

Branches:
Dungeon (5/15)             Temple (0/1) D:5

Altars:
Fedhas
Xom

Annotations:
D:3 2 runed translucent doors, Jarnaxa's ghost, amateur MiHu
D:5 Prince Ribbit


Innate Abilities, Weirdness & Mutations

You cannot wear most types of armour.
You are amphibious.
You can wear up to eight rings at the same time.
Your skin changes colour to match your surroundings (Stealth+).
Your rubbery body absorbs attacks. (AC +1, EV +1)
((You are camouflaged when in or above water. (Stealth+)))
You have tentacles for arms and can constrict up to eight enemies at once.


Message History

Casting: Petrify (quite dangerous; 26% risk of failure)
Confirm with . or Enter, or press ? or * to list all spells.
The spell is quite dangerous to miscast (26% risk of failure)!
Continue anyway?
Aiming: Petrify (quite dangerous; 26% risk of failure)
Press: ? - help, Shift-Dir - straight line, f - sleepcap
Aim: a sleepcap (chance to affect: 60%)
The sleepcap resists with significant effort.
Prince Ribbit croaks regally.
Unknown command.
Prince Ribbit blinks!
Prince Ribbit blinks!
There is an escape hatch in the floor here.
Casting: Petrify (quite dangerous; 26% risk of failure)
Confirm with . or Enter, or press ? or * to list all spells.
The spell is quite dangerous to miscast (26% risk of failure)!
Continue anyway?
Aiming: Petrify (quite dangerous; 26% risk of failure)
Press: ? - help, Shift-Dir - straight line, f/p - sleepcap
Aim: a sleepcap (chance to affect: 60%)
The sleepcap resists with significant effort.
Unknown command.
The blast of sand hits the sleepcap but does no damage.
The sleepcap misses you. The sleepcap releases spores at you!
Casting: Sandblast (safe; 2% risk of failure)
Confirm with . or Enter, or press ? or * to list all spells.
The spell is quite dangerous to miscast (26% risk of failure)!
Continue anyway?
Aiming: Petrify (quite dangerous; 26% risk of failure)
Press: ? - help, Shift-Dir - straight line, f/p - sleepcap
Aim: a sleepcap (chance to affect: 60%)
The sleepcap resists with significant effort.
The sleepcap releases spores at you but does no damage.
Unknown command.
Prince Ribbit blinks!
The sleepcap attacks as you move away! The sleepcap barely misses you.
The sleepcap attacks as you move away! The sleepcap releases spores at you.
Prince Ribbit hits you. Prince Ribbit attacks as you move away!
Prince Ribbit hits you!!
* * * LOW HITPOINT WARNING * * *
Prince Ribbit completely misses you. Prince Ribbit attacks as you move away!
Prince Ribbit hits you!!
You die...

##.# ############
####..#
#..........#####....##
#...........>....####
#..........###########
#.....................
#..........###########
#....F.....#
#....@f....#
#..........#
#..........#
#..<.......#
############


You could see Prince Ribbit and a sleepcap.

Vanquished Creatures
  Grinder (D:3)
  A bullfrog zombie (D:5)
  2 hounds (D:4)
  A jelly (D:5)
  3 orc priests
  A sleepcap (D:5)
  Natasha (D:3)
  A hound zombie (D:5)
  A howler monkey zombie (D:5)
  A gnoll (D:1)
  6 adders
  A white imp (D:5)
  2 dart slugs (D:2)
  10 orcs
  6 ball pythons
  4 bats
  9 endoplasms
  3 giant cockroaches
  10 goblins
  A hobgoblin (D:1)
  7 frilled lizards
  5 kobolds
  3 rats (D:2)
80 creatures vanquished.

Notes
Turn   | Place    | Note
-------+----------+-------------------------------------------
     0 | D:1      | Atelerd the Octopode Earth Elementalist began the quest for
                  | the Orb.
     0 | D:1      | Reached XP level 1. HP: 11/11 MP: 3/3
   135 | D:1      | Reached XP level 2. HP: 17/17 MP: 3/5
   221 | D:1      | Reached skill level 3 in Stealth
   618 | D:1      | Reached XP level 3. HP: 21/21 MP: 4/6
  1079 | D:2      | Reached XP level 4. HP: 26/27 MP: 3/7
  1186 | D:3      | Found a large runed translucent door.
  1187 | D:3      | Found a large runed translucent door.
  1262 | D:3      | Noticed Jarnaxa's ghost (amateur MiHu)
  1365 | D:3      | Found a blossoming altar of Fedhas.
  1418 | D:3      | Noticed Natasha
  1425 | D:3      | Killed Natasha
  1426 | D:3      | Reached skill level 4 in Stealth
  1426 | D:3      | Reached XP level 5. HP: 27/31 MP: 5/9
  1566 | D:3      | Noticed Grinder
  1575 | D:3      | Paralysed by Grinder for 2 turns
  1584 | D:3      | Paralysed by Grinder for 3 turns
  1590 | D:3      | HP: 1/31 [Grinder (4)]
  1594 | D:3      | Paralysed by Grinder for 5 turns
  1604 | D:3      | Killed Grinder
  1605 | D:3      | Reached XP level 6. HP: 25/36 MP: 6/10
  1610 | D:3      | Learned a level 4 spell: Petrify
  2096 | D:2      | Identified the +2 whip "Erilifau" {antimagic, Drain rPois
                  | rF++ Int+4}
  2378 | D:2      | Reached skill level 5 in Stealth
  2735 | D:4      | You fall into a shaft and drop 1 floor!
  2735 | D:5      | Entered Level 5 of the Dungeon
  2738 | D:5      | Found a staircase to the Ecumenical Temple.
  2744 | D:5      | Reached XP level 7. HP: 41/41 MP: 9/12
  2874 | D:5      | Found a shimmering altar of Xom.
  3256 | D:5      | Noticed Prince Ribbit
  3562 | D:5      | Slain by Prince Ribbit

Illustrated notes

Levels and vault maps discovered:
D:1:      shiori_arrival_maze, layout_basic
D:2:      layout_rooms
D:3:      layout_loops_ring, lemuel_round_altar, ebering_ghost_disaster_area,
          uniq_grinder, uniq_natasha
D:4:      layout_gridville, nicolae_ossuary_entry_catacombs
D:5:      layout_rooms, lemuel_crystal_altar, nicolae_yredelemnul_corpse_copse,
          mainiacjoe_overflow_six_doors_small, minmay_temple_entry_ruins,
          gammafunk_ghost_nasty_kobolds, portal_sewer_entry_d,
          uniq_prince_ribbit1

Skill      XL: |  1  2  3  4  5  6 |
---------------+-------------------+-----
Stealth        | 3 4 5 |  5.7
Transmutations | 2 3 |  3.4
Dodging        | 3 |  3.9
Spellcasting   | 3 |  3.7
Earth Magic    | 4 |  4.6

Action                     |  1- 3 |  4- 6 |  7- 9 || total
---------------------------+-------+-------+-------++-------
  Melee: Unarmed           |     1 |       |       ||     1
         Short sword       |     9 |    15 |    11 ||    35
         Constrict         |     2 |     5 |     3 ||    10
         Tentacles         |     1 |     3 |     2 ||     6
   Cast: Sandblast         |    29 |    63 |    37 ||   129
         Petrify           |       |       |     6 ||     6
    Use: Potion            |       |     3 |       ||     3
   Stab: Sleeping          |     4 |       |     1 ||     5
         Petrified         |       |       |     7 ||     7
 Armour: Skin              |     1 |     5 |     3 ||     9
  Dodge: Dodged            |    15 |    44 |    36 ||    95
